 Dungeon Crawl Stone Soup version 0.30-a0-652-gcc886f7154 (webtiles) character file.

Game seed: 9725514108354258201

417 wormed the Conjurer (level 6, -2/41 HPs)
             Began as an Octopode Conjurer on Jan 17, 2023.
             Slain by Duvessa
             ... wielding a +1 short sword of holy wrath
              (12 damage)
             ... on level 4 of the Dungeon.
             The game lasted 00:05:19 (3296 turns).

wormed the Conjurer (Octopode Conjurer)             Turns: 3296, Time: 00:05:19

Health: -2/41      AC:  1    Str:  6    XL:     6   Next: 92%
Magic:  8/11       EV: 13    Int: 23    God:
Gold:   117        SH:  0    Dex: 10    Spells: 6/12 levels left

rFire   . . .      SeeInvis .      - Unarmed
rCold   . . .      Faith    .    (no shield)
rNeg    . . .      Spirit   .    (helmet restricted)
rPois   .          Reflect  .    j - amulet of magic regeneration
rElec   .          Harm     .    (no ring)
rCorr   .          Rampage  .    (no ring)
Will    .....                    (no ring)
Stlth   +++                      (no ring)
HPRegen 0.26/turn                (no ring)
MPRegen 0.52/turn                (no ring)
                                 (no ring)
                                 (no ring)

@: no status effects
A: almost no armour, amphibious, 8 rings, camouflage 1, gelatinous body 1,
(nimble swimmer 1), tentacles
a: no special abilities


You were on level 4 of the Dungeon.
You visited 2 branches of the dungeon, and saw 5 of its levels.

You collected 117 gold pieces.

Inventory:

Jewellery
 j - an amulet of magic regeneration (around mantle)
Scrolls
 b - 3 scrolls of identify
Potions
 d - a potion of ambrosia {unknown}
 e - 2 potions of curing {unknown}
 f - a potion of might {unknown}
 g - a potion of berserk rage {unknown}


   Skills:
 + Level 2.9 Fighting
 + Level 3.6 Dodging
 - Level 2.6 Stealth
 + Level 2.8 Unarmed Combat
 + Level 3.5 Spellcasting
 - Level 4.0 Conjurations
 + Level 2.2 Summonings


You had 6 spell levels left.
You knew the following spells:

 Your Spells              Type           Power      Damage    Failure   Level
a - Magic Dart            Conj           88%        1d7       2%          1
b - Searing Ray           Conj           44%        2d6       3%          2
c - Call Canine Familiar  Summ           14%        N/A       13%         3

Your spell library contained the following spells:

 Spells                   Type           Power      Damage    Failure   Level
 Summon Small Mammal      Summ           56%        N/A       4%          1
 Dazzling Flash           Conj/Hex       26%        N/A       14%         3
 Summon Guardian Golem    Hex/Summ       9%         N/A       21%         3
 Kindle Blastsparks       Fire/Tloc/Air  8%         2d10      32%         3
 Portal Projectile        Hex/Tloc       8%         N/A       32%         3
 Fulminant Prism          Conj/Hex       6%         3d7       43%         4
 Iskenderun's Mystic Bla  Conj/Tloc      13%        2d5       43%         4
 Leda's Liquefaction      Hex/Erth       2%         N/A       73%         4
 Lee's Rapid Deconstruct  Erth           2%         3d4*      97%         5


Dungeon Overview and Level Annotations

Branches:
Dungeon (4/15)             Temple (1/1) D:4

Altars:
Cheibriados
Elyvilon
Hepliaklqana
Kikubaaqudgha
Makhleb
Nemelex Xobeh
Okawaru
Sif Muna
Trog
Uskayaw
Vehumet
Wu Jian
Zin
The Shining One

Portals:
Abyss: D:3

Annotations:
D:3 2 transporters, wormed's ghost, amateur OpTm
D:4 3 runed translucent doors, Duvessa; acebull12's ghost, amateur DsGl


Innate Abilities, Weirdness & Mutations

You cannot wear most types of armour.
You are amphibious.
You can wear up to eight rings at the same time.
Your skin changes colour to match your surroundings (Stealth+).
Your rubbery body absorbs attacks. (AC +1, EV +1)
((You are camouflaged when in or above water. (Stealth+)))
You have tentacles for arms and can constrict up to eight enemies at once.


Message History

You don't have enough magic to cast this spell.
Magic courses through your body.
Your hound bites Duvessa.
Duvessa barely misses you.
Your hound barely misses Duvessa.
Casting: Call Canine Familiar (dangerous; 13% risk of failure)
Confirm with . or Enter, or press ? or * to list all spells.
Aiming: Searing Ray (safe; 3% risk of failure)
Press: ? - help, Shift-Dir - straight line, f - Duvessa
Aim: Duvessa, wielding a +1 short sword of holy wrath and wearing a +0 leather armour (lightly wounded, berserk, ally target, 81% to hit)
The searing ray hits Duvessa.
Duvessa is lightly wounded. (Press . to maintain the ray.) Duvessa hits you with a +1 short sword of holy wrath!!
Ouch! That really hurt!
* * * LOW HITPOINT WARNING * * *
Your hound completely misses Duvessa.
Duvessa closely misses you.
You feel much better.
Your hound bites Duvessa.
Duvessa closely misses you.
Your hound bites Duvessa.
Casting: Searing Ray (safe; 3% risk of failure)
Confirm with . or Enter, or press ? or * to list all spells.
Aiming: Searing Ray (safe; 3% risk of failure)
Press: ? - help, Shift-Dir - straight line, f/p - Duvessa
Aim: Duvessa, wielding a +1 short sword of holy wrath and wearing a +0 leather armour (moderately wounded, berserk, ally target, 81% to hit)
The searing ray hits Duvessa.
Duvessa is moderately wounded. (Press . to maintain the ray.) Duvessa hits you with a +1 short sword of holy wrath.
Your hound barely misses Duvessa.
Duvessa hits you with a +1 short sword of holy wrath!
The searing ray hits Duvessa.
Duvessa is heavily wounded.
Your hound bites Duvessa but does no damage.
Duvessa hits your hound with a +1 short sword of holy wrath.
Your hound bites Duvessa but does no damage.
The searing ray hits Duvessa but does no damage.
Duvessa is heavily wounded.
Duvessa hits you with a +1 short sword of holy wrath!
* * * LOW HITPOINT WARNING * * *
Your hound closely misses Duvessa.
Duvessa hits you with a +1 short sword of holy wrath!
You die...

.... ##...#..........# ....#
##....#........... .....#####
###......#.......... .........#
#...................
e........###........##.........
.........##........###.........
.........##........# ##........
#........#..h....).####........
##.......)...e@................
.........########..............
######..## ##########.#### ####
##


You could see Duvessa (berserk, ally target) and a friendly hound (summoned).

Vanquished Creatures
  A necrophage (D:4)
  3 orc priests
  Terence (D:2)
  3 adders
  2 worms
  12 orcs
  5 ball pythons
  3 bats
  10 endoplasms
  2 giant cockroaches
  5 goblins
  6 hobgoblins
  3 jackals (D:3)
  A quokka (D:3)
  6 frilled lizards
  5 kobolds
  5 rats
73 creatures vanquished.

Vanquished Creatures (collateral kills)
  An ogre (D:4)
  Dowan (D:4)
  A goblin (D:4)
3 creatures vanquished.

Vanquished Creatures (others)
  A wizard (D:3)
1 creature vanquished.

Grand Total: 77 creatures vanquished

Notes
Turn   | Place    | Note
-------+----------+-------------------------------------------
     0 | D:1      | wormed the Octopode Conjurer began the quest for the Orb.
     0 | D:1      | Reached XP level 1. HP: 11/11 MP: 3/3
   277 | D:1      | Reached XP level 2. HP: 18/18 MP: 3/5
   493 | D:1      | Learned a level 2 spell: Searing Ray
  1111 | D:2      | Reached skill level 1 in Fighting
  1160 | D:2      | Reached skill level 1 in Unarmed Combat
  1227 | D:2      | Reached XP level 3. HP: 22/23 MP: 0/6
  1341 | D:2      | Noticed Terence
  1353 | D:2      | Killed Terence
  1449 | D:2      | Learned a level 3 spell: Call Canine Familiar
  1690 | D:2      | Reached XP level 4. HP: 28/28 MP: 4/7
  1833 | D:3      | Found a bloodstained altar of Trog.
  1837 | D:3      | Noticed a wizard
  1843 | D:3      | Killed a wizard
  2152 | D:3      | Found a one-way gate to the infinite horrors of the Abyss.
  2152 | D:3      | Noticed wormed's ghost (amateur OpTm)
  2153 | D:3      | Noticed an ancient zyme
  2181 | D:3      | Found an iron altar of Okawaru.
  2289 | D:3      | Found a transporter.
  2486 | D:3      | Found a transporter.
  2576 | D:3      | Reached XP level 5. HP: 26/34 MP: 6/9
  2578 | D:3      | Reached skill level 1 in Summonings
  2828 | D:4      | Noticed an ogre
  2838 | D:4      | Killed an ogre
  2839 | D:4      | Reached XP level 6. HP: 41/41 MP: 3/10
  2862 | D:4      | Found a staircase to the Ecumenical Temple.
  2888 | Temple   | Entered the Ecumenical Temple
  3079 | D:4      | Found a runed translucent gate.
  3080 | D:4      | Found a runed translucent gate.
  3081 | D:4      | Found a runed translucent gate.
  3086 | D:4      | Noticed acebull12's ghost (amateur DsGl)
  3251 | D:4      | Noticed Dowan
  3253 | D:4      | Noticed Duvessa
  3262 | D:4      | Killed Dowan
  3296 | D:4      | Slain by Duvessa

Illustrated notes

Levels and vault maps discovered:
D:1:      spicycebolla_arrival_clurvy, layout_basic
D:2:      layout_basic, st_stairs_14, chequers_serial_rivers_micro_a,
          uniq_terence
D:3:      layout_loops_ring, trog_wizard, pf_just_have_faith,
          gammafunk_ghost_abyssal_escape
D:4:      minmay_skewed_foursquare, layout_cave_pods,
          nicolae_dithmenos_shadow_blocks, marbit_many_paths,
          amcnicky_altar_gilded, gammafunk_ghost_necromancy, uniq_edmund,
          uniq_duvessa, uniq_sigmund
Temple:   hc_temple_tempest_star

Skill      XL: |  1  2  3  4  5  6 |
---------------+-------------------+-----
Fighting       | 1 2 |  2.9
Unarmed Combat | 1 2 |  2.8
Dodging        | 3 |  3.6
Summonings     | 1 2 |  2.2
Spellcasting   | 3 |  3.5
Stealth        | |  2.6
Conjurations   | |  4.0

Action                   |  1- 3 |  4- 6 || total
-------------------------+-------+-------++-------
Melee: Unarmed           |    17 |    19 ||    36
       Constrict         |     4 |     3 ||     7
       Tentacles         |     2 |     7 ||     9
       Punch             |       |     1 ||     1
 Cast: Magic Dart        |    21 |       ||    21
       Searing Ray       |    16 |    43 ||    59
       Call Canine Famil |       |     7 ||     7
  Use: Scroll            |     2 |     4 ||     6
       Potion            |     1 |     3 ||     4
 Stab: Distracted        |     1 |       ||     1
Armor: Skin              |     4 |     2 ||     6
Dodge: Dodged            |    32 |    21 ||    53

Table legend: (Time is in decaauts)
 A = Elapsed time spent in this place.
 B = Non-inter-level travel time spent in this place.
 C = Inter-level travel time spent in this place.
 D = Time resting spent in this place.
 E = Time spent auto-exploring this place.
 F = Levels seen in this place.
 G = Mean time per level.
                   A        B        C        D        E       F      G
               +--------+--------+--------+--------+--------+-----+--------+
         Total |   3294 |   3216 |     78 |      0 |   2685 |   5 |  658.8 |
       Dungeon |   3106 |   3047 |     59 |      0 |   2526 |   4 |  776.5 |
        Temple |    188 |    169 |     19 |      0 |    159 |   1 |  188.0 |
               +--------+--------+--------+--------+--------+-----+--------+

Top non-repeatable levels by time:
     D:3: 1007 daAuts
     D:1: 967 daAuts
     D:2: 845 daAuts
     D:4: 286 daAuts
  Temple: 188 daAuts
